 Dungeon Crawl Stone Soup version 0.28-a0-1518-gbe868bca14 (webtiles) character file.

Game seed: 12858721015029006143

2044 Nattfarinn the Fighter (level 9, 0/85 HPs)
             Began as a Hill Orc Fighter on Jan 17, 2022.
             Slain by a centaur (5 damage)
             ... on level 7 of the Dungeon.
             The game lasted 00:11:48 (7929 turns).

Nattfarinn the Fighter (Hill Orc Fighter)           Turns: 7929, Time: 00:11:50

Health: 0/85       AC: 10    Str: 23    XL:     9   Next: 24%
Magic:  0/9        EV: 13    Int:  8    God:
Gold:   176        SH:  5    Dex: 10    Spells: 8/8 levels left

rFire   + . .      SeeInvis .   a - +0 war axe
rCold   . . .      Faith    .   c - +0 buckler
rNeg    . . .      Spirit   +   b - +0 scale mail
rPois   .          Reflect  .   (no helmet)
rElec   .          Harm     .   (no cloak)
rCorr   .          Rampage  .   e - +1 pair of gloves
Will    .....                   (no boots)
Stlth   ..........              k - amulet of guardian spirit
HPRegen 0.24/turn               E - +4 ring of evasion
MPRegen 0.11/turn               s - ring of protection from fire

@: mighty, slowed, very slow
A: no striking features
a: no special abilities


You were on level 7 of the Dungeon.
You visited 1 branch of the dungeon, and saw 7 of its levels.

You collected 267 gold pieces.
You spent 91 gold pieces at shops.

Inventory:

Hand Weapons
 a - a +0 war axe (weapon)
 n - a +3 flail of holy wrath
Missiles
 g - a throwing net (quivered)
Armour
 b - a +0 scale mail (worn)
 c - a +0 buckler (worn)
 e - a +1 pair of gloves (worn)
 f - a +1 robe of cold resistance
Jewellery
 k - an amulet of guardian spirit (around neck)
 o - a ring of positive energy
 s - a ring of protection from fire (right hand)
 z - a ring of fire
 E - a +4 ring of evasion (left hand)
 F - an amulet of reflection
Wands
 y - a wand of iceblast (2)
Scrolls
 d - a scroll of torment
 h - a scroll of fear
 i - 4 scrolls of teleportation
 q - 3 scrolls of immolation
 u - 2 scrolls of amnesia
 G - a scroll of vulnerability
Potions
 m - 2 potions of attraction {unknown}
 t - a potion of flight {unknown}
 v - 5 potions of mutation {unknown}
 x - 3 potions of curing
 A - 4 potions of degeneration {unknown}
 B - 2 potions of invisibility {unknown}
 D - 2 potions of haste {unknown}
 H - 2 potions of might


   Skills:
 * Level 9.7 Fighting
 + Level 7.4 Axes
 + Level 6.7 Armour
 + Level 6.6 Shields


You had 8 spell levels left.
You didn't know any spells.
Your spell library contained the following spells:

 Spells                   Type           Power      Damage    Failure   Level
 Apportation              Tloc           0%         N/A       77%         1
 Alistair's Intoxication  Tmut/Pois      0%         N/A       100%        5


Dungeon Overview and Level Annotations

Branches:
Dungeon (7/15)
 Temple: D:4-7

Altars:
Elyvilon
Fedhas
Qazlal
Sif Muna
Uskayaw

Shops:
D:3 :?**?

Portals:
Ossuary: D:7


Message History

The hornet stings you!
* * * LOW HITPOINT WARNING * * *
You are poisoned.
You feel yourself slow down. Something hits you but does no damage.
You barely miss the hornet.
The hornet is almost dead.
You barely miss something.
You hear the slow hiss of an avalanche of sand.
You feel yourself speed up.
You feel very sick. The hornet barely misses you. The hornet stings you.
* * * LOW HITPOINT WARNING * * *
You are lethally poisoned!
You feel yourself slow down. Something hits you but does no damage.
You block the hornet's attack.
Unknown command.
Unknown command.
You feel better. The hornet misses you. Something hits you but does no damage.
The centaur wields a +0 shortbow.
The centaur shoots an arrow.
The arrow barely misses you. The hornet stings you!
* * * LOW HITPOINT WARNING * * *
You feel as though you will be slow longer.
Something hits you but does no damage.
You closely miss the hornet.
The hornet is almost dead.
You miss something. The hornet stings you.
* * * LOW HITPOINT WARNING * * *
You feel as though you will be slow longer.
The centaur shoots an arrow.
The arrow barely misses you. Something hits you but does no damage.
The hornet stings you.
* * * LOW HITPOINT WARNING * * *
You feel as though you will be slow longer.
You block something's attack.
You slice the hornet!!
You kill the hornet!
You barely miss something. You slash the centaur!
The centaur unwields a +0 shortbow.
You block the centaur's attack.
The centaur kicks you but does no damage.
The centaur hits you.
You die...

......[.# .... ....<....
..... ........# ....
........# #...
......#.##.8#
......#.#..# .
..............))).## ...
.......#........c..#....
.............#.)@...#
..........##.##....##.∩
..........##.#.....8.#
..........##........##
.........##.........#
.$.....####..>......#
.(#.#....##.........#
....#.................
#...........))...#.....


You could see a centaur.

Vanquished Creatures
  A two-headed ogre (D:6)
  A hornet (D:7)
  Grinder (D:6)
  Sigmund (D:3)
  3 necrophages
  A black bear (D:4)
  2 phantoms
  A scorpion (D:5)
  An electric eel (D:6)
  A hound (D:6)
  An orc priest (D:7)
  Jessica (D:3)
  Terence (D:2)
  A scorpion zombie (D:3)
  Natasha (thrice) (D:2)
  2 iguanas
  An orc wizard (D:7)
  4 gnolls (D:3)
  6 adders
  A white imp (D:5)
  An adder zombie (D:4)
  A dart slug (D:2)
  24 orcs
  4 ball pythons
  2 bats
  5 endoplasms
  6 giant cockroaches
  7 goblins
  7 hobgoblins
  4 quokkas
  5 frilled lizards
  6 kobolds
  6 rats
112 creatures vanquished.

Vanquished Creatures (collateral kills)
  A killer bee zombie (D:7)
1 creature vanquished.

Vanquished Creatures (others)
  3 plants (D:3)
3 creatures vanquished.

Grand Total: 116 creatures vanquished

Notes
Turn   | Place    | Note
-------+----------+-------------------------------------------
     0 | D:1      | Nattfarinn the Hill Orc Fighter began the quest for the
                  | Orb.
     0 | D:1      | Reached XP level 1. HP: 19/19 MP: 1/1
   190 | D:1      | Reached XP level 2. HP: 25/27 MP: 2/2
   233 | D:1      | Reached skill level 4 in Fighting
   627 | D:1      | Found a faded altar of an unknown god.
  1020 | D:2      | Reached XP level 3. HP: 5/33 MP: 3/3
  1393 | D:2      | Noticed a phantom
  1423 | D:2      | Killed a phantom
  1424 | D:2      | Reached skill level 5 in Fighting
  1424 | D:2      | Reached XP level 4. HP: 11/42 MP: 4/4
  1424 | D:2      | Reached XP level 5. HP: 12/48 MP: 5/5
  1448 | D:2      | Noticed Natasha
  1463 | D:2      | Killed Natasha
  1846 | D:2      | Noticed Natasha
  1856 | D:2      | Killed Natasha
  1870 | D:2      | Noticed Natasha
  1886 | D:2      | Killed Natasha
  2530 | D:2      | Noticed Terence
  2538 | D:2      | Killed Terence
  2539 | D:2      | Reached XP level 6. HP: 36/57 MP: 3/6
  2984 | D:3      | Noticed Sigmund
  3234 | D:3      | Found Gihem's Assorted Antiques.
  3260 | D:3      | HP: 2/57 [something (6)]
  3267 | D:3      | Killed Sigmund
  3268 | D:3      | Reached skill level 6 in Fighting
  3521 | D:3      | Noticed Jessica
  3527 | D:3      | Killed Jessica
  3528 | D:3      | Reached XP level 7. HP: 60/64 MP: 7/7
  3559 | D:3      | Found Plog's General Store.
  3570 | D:3      | Bought a scroll of teleportation for 30 gold pieces
  3570 | D:3      | Bought a scroll of fear for 35 gold pieces
  3638 | D:3      | Found Firulug's Magic Scroll Boutique.
  3647 | D:3      | Bought a scroll of identify for 26 gold pieces
  3781 | D:3      | Reached skill level 5 in Axes
  4019 | D:3      | Found Ocuniocw's Book Boutique.
  4037 | D:3      | Found Pasyo's Magic Scroll Shoppe.
  4340 | D:3      | Reached skill level 5 in Armour
  4907 | D:4      | Reached skill level 5 in Shields
  4979 | D:4      | Reached skill level 7 in Fighting
  5340 | D:4      | Found a stormy altar of Qazlal.
  5397 | D:5      | Entered Level 5 of the Dungeon
  5649 | D:5      | Reached XP level 8. HP: 51/73 MP: 8/8
  5824 | D:5      | Found a white marble altar of Elyvilon.
  6761 | D:6      | Noticed Grinder
  6772 | D:6      | Killed Grinder
  6773 | D:6      | Reached skill level 8 in Fighting
  7118 | D:6      | Found a hide-covered altar of Uskayaw.
  7189 | D:6      | Noticed a two-headed ogre
  7196 | D:6      | HP: 3/75 [two-headed ogre (28)]
  7208 | D:6      | Killed a two-headed ogre
  7209 | D:6      | Reached skill level 9 in Fighting
  7209 | D:6      | Reached XP level 9. HP: 7/84 MP: 2/9
  7552 | D:6      | Found a blossoming altar of Fedhas.
  7552 | D:6      | Found a shimmering blue altar of Sif Muna.
  7906 | D:7      | Found a sand-covered staircase.
  7909 | D:7      | Noticed a hornet
  7929 | D:7      | Killed a hornet
  7929 | D:7      | Slain by a centaur

Illustrated notes

Levels and vault maps discovered:
D:1:      tarquinn_simple_flora_water_a, layout_basic, serial_forest,
          infiniplex_forest_clump_diagonal, infiniplex_forest_lined_room_2,
          infiniplex_forest_3_way, infiniplex_forest_straight_3,
          infiniplex_forest_clump_curved, infiniplex_forest_zigzag_1,
          infiniplex_forest_straight_2, infiniplex_forest_clump_small,
          shapermc_ecumenical_altar_venn, chequers_garden
D:2:      layout_basic, uniq_terence, uniq_natasha
D:3:      layout_basic, serial_shops, shop, nicolae_lakefront_shop,
          nicolae_shop_temple_entry_statues_fountains,
          nicolae_shop_competitors_out_of_business,
          nicolae_shop_overgrown_old_shop, uniq_jessica, uniq_sigmund
D:4:      layout_loops_ring, nicolae_qazlal_eye_of_the_storm,
          hangedman_feature_mirror
D:5:      layout_gridville, elyvilon_altar_1
D:6:      layout_basic, amcnicky_altar_gilded, nicolae_overflow_squiral,
          kennysheep_nondescript, uniq_grinder
D:7:      layout_cave_pools, minmay_temple_entry_poolview,
          lightli_ossuary_entry_decrepit_ruins

Skill      XL: |  1  2  3  4  5  6  7  8 |
---------------+-------------------------+-----
Fighting       | 4 5 6 7 9 |  9.7
Axes           | 3 4 5 7 |  7.4
Armour         | 4 5 6 |  6.7
Shields        | 4 5 6 |  6.6

Action                   |  1- 3 |  4- 6 |  7- 9 || total
-------------------------+-------+-------+-------++-------
Melee: War axe           |    63 |   104 |   203 ||   370
Evoke: Wand              |       |       |    11 ||    11
  Use: Potion            |     1 |     4 |     3 ||     8
       Scroll            |       |       |    11 ||    11
Armor: Scale mail        |    17 |    34 |    94 ||   145
Dodge: Dodged            |    28 |    33 |   104 ||   165
Block: Buckler           |     8 |    14 |    45 ||    67

Table legend: (Time is in decaauts)
 A = Elapsed time spent in this place.
 B = Non-inter-level travel time spent in this place.
 C = Inter-level travel time spent in this place.
 D = Time resting spent in this place.
 E = Time spent auto-exploring this place.
 F = Levels seen in this place.
 G = Mean time per level.
                   A        B        C        D        E       F      G
               +--------+--------+--------+--------+--------+-----+--------+
         Total |   8044 |   7455 |    589 |    814 |   5684 |   7 | 1149.1 |
       Dungeon |   8044 |   7455 |    589 |    814 |   5684 |   7 | 1149.1 |
               +--------+--------+--------+--------+--------+-----+--------+

Top non-repeatable levels by time:
     D:2: 2190 daAuts
     D:3: 1401 daAuts
     D:5: 1327 daAuts
     D:6: 1126 daAuts
     D:1: 1017 daAuts
     D:4: 877 daAuts
     D:7: 104 daAuts
